 Dungeon Crawl Stone Soup version bcrawl-1.38b (webtiles) character file.

Game seed: 8634343234781693149

114508 Jossarian the Magician (level 3, 0/25 HPs)
             Began as a Gnoll Wizard on Feb 20, 2023.
             Slain by Sigmund
             ... wielding a +0 scythe
              (2 damage)
             ... on level 2 of the Dungeon.
             The game lasted 00:28:26 (1469 turns).

Jossarian the Magician (Gnoll Wizard)               Turns: 1469, Time: 00:28:26

Health: 0/25       AC:  5    Str:  9    XL:     3   Next: 77%
Magic:  2/11       EV: 11    Int: 21    God:
Gold:   122        SH:  0    Dex: 13    Spells: 15/16 levels left

rFire    . . .     GDR:     26% a - +0 staff
rCold    . . .     SeeInvis .   (no shield)
rNeg     . . .     Gourm    .   m - +0 ring mail
rPois    .         Faith    .   c - +0 hat
rElec    .         Spirit   .   (no cloak)
rCorr    .         Reflect  .   (no gloves)
MR       .....                  (no boots)
Stlth    ++........             (no amulet)
HPRegen  0.14/turn              (no ring)
MPRegen  0.12/turn              (no ring)

@: about to teleport
A: distributed training, fangs 1, strong nose
a: no special abilities


You were on level 2 of the Dungeon.
You were not hungry.

You visited 1 branch of the dungeon, and saw 2 of its levels.

You collected 122 gold pieces.

Inventory:

Hand Weapons
 a - a +0 staff (weapon)
 d - a +0 short sword
 r - a +0 dagger
Missiles
 i - 143 arrows
 n - 272 stones (quivered)
 q - 278 sling bullets
Armour
 b - a +0 robe
 c - a +0 hat (worn)
 m - a +0 ring mail (worn)
Scrolls
 p - a scroll of fog
Potions
 f - a potion of brilliance
 g - a potion of cancellation
 h - a potion of agility {unknown}
 l - a potion of degeneration {unknown}
 o - a potion of flight {unknown}
Comestibles
 e - a ration {!d}
 s - 4 chunks of flesh


   Skills:
 + Level 0.9 Fighting
 + Level 0.9 Short Blades
 + Level 0.9 Long Blades
 + Level 0.9 Axes
 + Level 0.9 Maces & Flails
 + Level 0.9 Polearms
 + Level 0.9 Staves
 + Level 0.9 Slings
 + Level 0.9 Bows
 + Level 0.9 Crossbows
 + Level 0.9 Throwing
 + Level 0.9 Armour
 + Level 4.5 Dodging
 + Level 4.5 Stealth
 + Level 0.9 Shields
 + Level 0.9 Unarmed Combat
 + Level 7.1 Spellcasting
 + Level 2.1 Conjurations
 + Level 0.6 Hexes
 + Level 0.6 Charms
 + Level 2.1 Summonings
 + Level 0.6 Necromancy
 + Level 2.1 Translocations
 + Level 0.6 Transmutations
 + Level 0.6 Fire Magic
 + Level 0.6 Ice Magic
 + Level 0.6 Air Magic
 + Level 0.6 Earth Magic
 + Level 0.6 Poison Magic
 + Level 1.0 Invocations
 + Level 0.9 Evocations


You had 15 spell levels left.
You knew the following spells:

 Your Spells              Type           Power        Failure   Level  Hunger
a - Magic Dart            Conj           ###.         10%         1    None

Your spell library contained the following spells:

 Spells                   Type           Power        Failure   Level  Hunger
 Blink                    Tloc           N/A          16%         2    None
 Call Imp                 Summ           ###...       16%         2    None
 Conjure Flame            Conj/Fire      ##......     38%         3    None
 Mephitic Cloud           Conj/Pois/Air  ##......     41%         3    None
 Spider Form              Tmut/Pois      ##.          50%         3    None


Dungeon Overview and Level Annotations

Branches:
Dungeon (2/12)

Altars:
Cheibriados
Dithmenos
Nemelex Xobeh

Annotations:
D:2 Sigmund


Innate Abilities, Weirdness & Mutations

Your experience applies equally to all skills.
You have very sharp teeth.
Your uncanny sense of smell can sniff out nearby items.


Message History

You feel much better.
You hear some strange, mumbled words.
Something tries to affect you, but you resist.
Something hits you!
Keep equipping yourself?
You start putting on your armour.
You continue putting on your ring mail. x2
Something barely misses you.
You continue putting on your ring mail.
Something barely misses you.
You continue putting on your ring mail.
You finish putting on your +0 ring mail.
You feel much better. Something hits you! Something hits you!
Ouch! That really hurt!
* * * LOW HITPOINT WARNING * * *
No path to travel!
As you read the scroll of teleportation, it crumbles to dust.
You feel strangely unstable. Something hits you.
You die...

###########
#.........# ##***
###########.........#
#..>*
#...................#
#...*
#.....#####..@......#
#...## #......#
#.........# **#...
#....#.# #.#{#######
*#.. #....#.##
#..J..### ##.
######..###.......###*
#. ##..####.#......###
##
##...##...#.......###
*##
##..........####.....#
*.. #............#
*##...###.#


You could see an ooze.

Vanquished Creatures
  2 dart slugs
  3 orcs (D:2)
  2 ball pythons (D:1)
  3 bats
  3 giant cockroaches
  2 goblins (D:1)
  6 hobgoblins
  4 jackals (D:1)
  A quokka (D:2)
  A frilled lizard (D:2)
  5 kobolds
  5 rats
37 creatures vanquished.

Notes
Turn   | Place    | Note
-------+----------+-------------------------------------------
     0 | D:1      | Jossarian the Gnoll Wizard began the quest for the Orb.
     0 | D:1      | Reached XP level 1. HP: 13/13 MP: 8/8
   127 | D:1      | Reached XP level 2. HP: 13/19 MP: 2/10
   550 | D:1      | Reached XP level 3. HP: 25/25 MP: 8/11
  1229 | D:2      | Found a sparkling altar of Nemelex Xobeh.
  1230 | D:2      | Found a shadowy altar of Dithmenos.
  1230 | D:2      | Found a snail-covered altar of Cheibriados.
  1293 | D:2      | Reached skill level 1 in Invocations
  1336 | D:2      | Noticed Sigmund
  1469 | D:2      | Slain by Sigmund

Skill      XL: |  1  2  3 |
---------------+----------+-----
Conjurations   | 2 |  2.1
Summonings     | 2 |  2.1
Translocations | 2 |  2.1
Invocations    | 1 |  1.0
Fighting       | |  0.9
Short Blades   | |  0.9
Long Blades    | |  0.9
Axes           | |  0.9
Maces & Flails | |  0.9
Polearms       | |  0.9
Staves         | |  0.9
Slings         | |  0.9
Bows           | |  0.9
Crossbows      | |  0.9
Throwing       | |  0.9
Armour         | |  0.9
Dodging        | |  4.5
Stealth        | |  4.5
Shields        | |  0.9
Unarmed Combat | |  0.9
Spellcasting   | |  7.1
Hexes          | |  0.6
Charms         | |  0.6
Necromancy     | |  0.6
Transmutations | |  0.6
Fire Magic     | |  0.6
Ice Magic      | |  0.6
Air Magic      | |  0.6
Earth Magic    | |  0.6
Poison Magic   | |  0.6
Evocations     | |  0.9

Action                   || total
-------------------------++-------
Melee: Staff             ||     3
Throw: Stone             ||     2
 Cast: Magic Dart        ||    97
  Use: Scroll            ||    10
       Potion            ||     3
  Eat: Chunk             ||     2
       Ration            ||     1
Armor: Robe              ||     3
Dodge: Dodged            ||    17
